 Dungeon Crawl Stone Soup version 0.16.2-12-gd0ad4c3 (webtiles) character file.

573059 faibistes the Sorcerer (level 26, -6/138 HPs)
             Began as a Deep Elf Wizard on Apr 27, 2018.
             Was the Champion of Sif Muna.
             Killed from afar by a shadow dragon (49 damage)
             ... with a bolt of negative energy
             ... on level 5 of the Vaults on Apr 29, 2018.
             The game lasted 06:23:21 (118583 turns).

faibistes the Sorcerer (Deep Elf Wizard)          Turns: 118583, Time: 06:23:22

Health: -6/138     AC: 17    Str:  4    XL:     26   Next: 18%
Magic:  15/75      EV: 17    Int: 38    God:    Sif Muna [******]
Gold:   3523       SH:  0    Dex: 13    Spells: 13 memorised, 6 levels left

rFire  + + +     SeeInvis +     w - staff of power
rCold  x x .     Clarity  .     k - +2 robe {Archmagi}
rNeg   . . .     SustAb   .     (no shield)
rPois  +         Gourm    +     L - +3 crown of Dyrovepreva {rElec Int+2 SInv}
rElec  +         Spirit   .     F - +2 cloak {rPois}
rCorr  .         Warding  .     f - +2 pair of gloves
rMut   .         Stasis   .     U - +2 pair of boots of Usisis {Contam rPois MP+9}
MR     +....                    E - amulet of the gourmand
Stlth  ++........               J - ring of wizardry
                                O - ring of magical power

@: immune to fire clouds, vulnerable, very slightly contaminated, hasted,
drained, very quick, somewhat resistant to hostile enchantments, unstealthy
A: fire resistance 1, frail 1, shaggy fur 1
a: Channel Energy, Forget Spell, Renounce Religion
}: 2/15 runes: serpentine, barnacled


You were on level 5 of the Vaults.
You worshipped Sif Muna.
Sif Muna was exalted by your worship.
You were not hungry.

You visited 9 branches of the dungeon, and saw 51 of its levels.
You visited the Abyss 1 time.
You visited 2 bazaars.
You also visited: Ossuary and Bailey.

You collected 8060 gold pieces.
You spent 4537 gold pieces at shops.

Inventory:

Hand weapons
 e - the +10 war axe "Curreit" {flame, +Fly rPois Int+3 Dex+2 SInv}
   (You took it off a deep elf demonologist on level 3 of the Elven Halls)

   It has been specially enchanted to burn those struck by it, causing extra
   injury to most foes and up to half again as much damage against particularly
   susceptible opponents.
   Big, fiery blades are also staple armaments of hydra-hunters.
   It affects your intelligence (+3).
   It affects your dexterity (+2).
   It protects you from poison.
   It enhances your eyesight.
   It lets you fly.
 K - the +1 quick blade of Cloil {flame, rElec rC+ Str+5}
   (You bought it in a shop on level 6 of the Dungeon)

   It has been specially enchanted to burn those struck by it, causing extra
   injury to most foes and up to half again as much damage against particularly
   susceptible opponents.
   It affects your strength (+5).
   It protects you from cold.
   It insulates you from electricity.
 Q - the +2 quarterstaff of the Imperium {flame, rN+ MR+ Str+4 Int+7 Dex-2}
   (You took it off a merfolk on level 5 of the Shoals)

   It has been specially enchanted to burn those struck by it, causing extra
   injury to most foes and up to half again as much damage against particularly
   susceptible opponents.
   It affects your strength (+4).
   It affects your intelligence (+7).
   It affects your dexterity (-2).
   It protects you from negative energy.
   It affects your resistance to hostile enchantments.
Armour
 f - a +2 pair of gloves (worn)
 h - the +4 cloak of the Monkey's Uncle {Dex+5}
   (You found it on level 1 of the Depths)

   It affects your dexterity (+5).
 k - a +2 robe of the Archmagi (worn)
 F - a +2 cloak of poison resistance (worn)
 L - the +3 crown of Dyrovepreva (worn) {rElec Int+2 SInv}
   (You found it on level 3 of the Elven Halls)

   It affects your intelligence (+2).
   It insulates you from electricity.
   It enhances your eyesight.
 U - the +2 pair of boots of Usisis (worn) {Contam rPois MP+9}
   (You found it on level 3 of the Elven Halls)

   It protects you from poison.
   It affects your magic capacity (+9).
   It causes magical contamination when unequipped.
 X - a +2 pair of boots of flying
Magical staves
 w - an uncursed staff of power (weapon)
Jewellery
 E - an amulet of the gourmand (around neck)
 G - the amulet "Eles" {rMut +Blink rF+ Dex+7}
   (You took it off a merfolk on level 5 of the Shoals)

   [amulet of resist mutation]

   It protects you from mutation.
   It affects your dexterity (+7).
   It protects you from fire.
   It lets you blink.
 H - an uncursed amulet of resist corrosion
 J - a ring of wizardry (right hand)
 N - the ring "Sube" {MR+ Str+2}
   (You took it off Maud on level 2 of the Depths)

   [ring of protection from magic]

   It affects your strength (+2).
   It affects your resistance to hostile enchantments.
 O - a ring of magical power (left hand)
Magical devices
 c - a wand of digging (10)
 o - a wand of lightning (4)
 v - a wand of lightning (1)
 y - a wand of confusion (15)
 C - a wand of teleportation (7)
 D - a wand of confusion (17)
 M - a wand of fire (0)
 V - a wand of fire (9)
Scrolls
 a - 10 scrolls of blinking
 g - 10 scrolls of remove curse
 i - 8 scrolls of magic mapping
 q - 4 scrolls of holy word
 r - 8 scrolls of fog
 s - 3 scrolls of recharging
 x - 4 scrolls of immolation
 z - 15 scrolls of teleportation
 I - 17 scrolls of identify
 Z - 2 scrolls of fear
Potions
 j - 10 potions of restore abilities
 m - 13 potions of curing
 n - 3 potions of invisibility
 p - 10 potions of haste
 t - 4 potions of heal wounds
 A - 7 potions of magic
 R - 5 potions of resistance
 T - 3 potions of cure mutation
 W - 4 potions of brilliance
 Y - 2 potions of ambrosia
Comestibles
 d - 18 bread rations
 u - 23 meat rations


   Skills:
 + Level 12.8(11.8) Fighting
 - Level 10.0(9.1) Dodging
 - Level 2.4(1.7) Stealth
 * Level 25.6(24.4) Spellcasting
 * Level 21.1(20.0) Conjurations
 - Level 12.3(11.3) Charms
   Level 5.5(4.7) Summonings
 + Level 5.8(5.0) Necromancy
 - Level 12.0(11.0) Translocations
   Level 3.0(2.3) Transmutations
 * Level 21.6(20.4) Fire Magic
 + Level 4.7(3.9) Ice Magic
 - Level 4.0(3.2) Air Magic
 * Level 21.4(20.2) Earth Magic
   Level 3.4(2.6) Poison Magic
 - Level 10.1(9.2) Invocations
 - Level 9.6(8.7) Evocations


You had 6 spell levels left.
You knew the following spells:

 Your Spells              Type           Power        Failure   Level  Hunger
a - Lehudib's Crystal Sp  Conj/Erth      ########..   1%          8    None
b - Ring of Flames        Chrm/Fire      #########.   1%          7    None
c - Iskenderun's Battles  Conj/Chrm      ########     1%          5    None
d - Controlled Blink      Tloc           N/A          1%          7    None
e - Animate Skeleton      Necr           N/A          1%          1    None
f - Deflect Missiles      Chrm/Air       ########..   1%          6    None
g - Airstrike             Air            #######...   1%          4    None
h - Haste                 Chrm           ########     1%          6    None
i - Throw Frost           Conj/Ice       ######       0%          2    None
m - Shatter               Erth           ########..   4%          9    ###....
v - Bolt of Fire          Conj/Fire      #########.   1%          6    None
x - Force Lance           Conj/Tloc      ########     0%          4    None
z - Fireball              Conj/Fire      #########.   0%          5    None


Dungeon Overview and Level Annotations

Branches:
Dungeon (15/15)            Temple (1/1) D:4            Lair (8/8) D:11
 Shoals (5/5) Lair:5        Snake (5/5) Lair:4        Slime (0/6) Lair:8
    Orc (4/4) D:9             Elf (3/3) Orc:3        Vaults (5/5) D:13
  Crypt (0/3) Vaults:3     Depths (5/5) D:15            Zot (0/5) Depths:5

Altars:
Ashenzari
Cheibriados
Dithmenos
Elyvilon
Fedhas
Gozag
Kikubaaqudgha
Makhleb
Nemelex Xobeh
Okawaru
Qazlal
Ru
Sif Muna
Trog
Vehumet
Xom
Yredelemnul
Zin
The Shining One
Beogh
Jiyva
Lugonu

Shops:
D:6 !*[(   D:15 }   Orc:3 ?   Orc:4 =[[[   Elf:2 *[!(   Shoals:2 *   Shoals:3 }
Snake:5 [}**}   Vaults:1 =}:   Vaults:3 [

Portals:
Hell: Depths:1 Depths:2 Depths:3 Depths:4 Depths:5
Abyss: Depths:3 Depths:4
Pandemonium: Depths:1 Depths:3
Ziggurat: Depths:5
Trove: Depths:1 (show slimy rune of Zot)

Annotations:
Elf:2 1 runed door


Innate Abilities, Weirdness & Mutations

You are immune to clouds of flame.
Your flesh is heat resistant.
You are frail (-10% HP).
You are covered in fur (AC +1).


Message History

The sphinx casts a spell.
Something smites you!
A golden dragon, a yaktaur and a phantasmal warrior come into view.
Casting: Shatter
Confirm with . or Enter, or press ? or * to list all spells.
You feel a surge of power!
The dungeon rumbles!
The shadow dragon is almost dead.
You kill the storm dragon!
Your life force feels restored.
You kill the shadow dragon!
You kill the storm dragon!
You kill the sphinx!
You kill the yaktaur!
The golden dragon is moderately wounded.
The phantasmal warrior is engulfed in roaring flames.
The phantasmal warrior hits you!
Your magical defenses are stripped away!
An ironbrand convoker comes into view. It is wielding a great mace.
The shadow dragon breathes negative energy at you.
The bolt of negative energy hits you!
You feel drained.
You die...

..) [)[.....[
).........[
[.........))(
........[[.[.(.
(W.....[[[[....
......[D§..[...
....$.[§§§<..[...
.....[[W@§.<.[[..
......[§§§<..[...
..[...[....[...
..?[...[[[[[[..
[.D[)...[[.)[..
)..........)p
)..$.....)(
..(.....) ..÷


You could see a shadow dragon, a golden dragon, 2 phantasmal warriors and an
ironbrand convoker.

Vanquished Creatures
  An ancient lich (Depths:2)
  Saint Roka (Depths:4)
  A golden dragon (Vaults:5)
  4 liches
  3 tentacled monstrosities
  5 quicksilver dragons
  3 deep elf blademasters
  An acid blob (shapeshifter) (Vaults:4)
  5 titans
  An acid blob (Lair:8)
  2 deep elf master archers (Elf:3)
  Polyphemus (Shoals:3)
  2 octopode crushers
  5 sphinxes
  2 tentacled starspawn (Abyss:2)
  7 tengu reavers
  2 storm dragons (Vaults:5)
  2 shadow dragons
  An ancient champion (Vaults:3)
  Roxanne (D:15)
  7 draconian monks (Depths:5)
  Ilsuiw (Shoals:5)
  16 greater nagas
  The ghost of faibistes the Eclecticist, a mighty DEWz of Sif Muna (Snake:2)
  Wiglaf (Shoals:2)
  Maud (Depths:2)
  4 deep elf sorcerers
  13 fire giants
  2 iron dragons
  17 frost giants
  A draconian zealot (Depths:5)
  3 emperor scorpions
  15 ironheart preservers
  A reaper (Depths:3)
  7 very ugly things
  3 draconian annihilators (Depths:5)
  21 vault wardens
  2 spriggan defenders (Depths:5)
  A war gargoyle (Depths:2)
  19 stone giants
  A green draconian (Depths:5)
  10 deep elf demonologists
  4 purple draconians (Depths:5)
  3 white draconians (Depths:5)
  A black draconian (Depths:5)
  6 pale draconians (Depths:5)
  8 deep elf annihilators
  4 red draconians (Depths:5)
  10 deep elf death magi
  A crystal guardian (Vaults:3)
  7 ettins
  Snorg (Snake:3)
  An ettin (shapeshifter) (Depths:2)
  An eidolon (Depths:2)
  The ghost of pedritolo the Jinx, a powerful SpEn of Dithmenos (Snake:5)
  9 merfolk javelineers (Shoals:5)
  7 merfolk impalers
  6 great orbs of eyes
  Josephine (D:11)
  The ghost of pedritolo the Unseen, a powerful SpEn of Dithmenos (Shoals:5)
  14 fire dragons
  34 vault guards
  A blizzard demon (Depths:2)
  A minotaur (Depths:5)
  2 jiangshi (Depths:5)
  5 anacondas
  9 ice dragons
  8 deep elf high priests
  21 yaktaur captains
  12 naga warriors
  10 hydras
  2 caustic shrike simulacra (Depths:3)
  4 spriggan air magi
  4 merfolk avatars
  10 centaur warriors
  19 deep troll shamans
  A hell beast (Depths:3)
  An anaconda (shapeshifter) (Vaults:5)
  Erica (D:11)
  4 catoblepae
  11 deep troll earth magi
  An alligator snapping turtle (Shoals:5)
  18 dancing weapons
  44 death yaks
  10 merfolk aquamancers
  16 ogre magi
  6 rakshasas
  A satyr (Shoals:4)
  7 spriggan berserkers
  7 shock serpents
  2 vampire magi
  13 naga sharpshooters
  5 tengu warriors
  6 soul eaters
  A fire crab (Vaults:2)
  6 iron trolls
  7 spriggans
  19 deep elf knights
  4 shadow wraiths
  6 flayed ghosts
  2 sun demons (Depths:1)
  A death drake (shapeshifter) (Depths:2)
  6 hell knights (Depths:2)
  A giant orange brain (shapeshifter) (Depths:1)
  12 skeletal warriors
  A spatial maelstrom (Abyss:2)
  49 deep trolls
  Erolcha (D:11)
  20 sea snakes
  A spectral anaconda (Depths:2)
  A shadow demon (Depths:1)
  2 salamander mystics
  14 orc knights
  A deep troll (shapeshifter) (D:15)
  5 unseen horrors
  4 death drakes
  2 swamp dragons (shapeshifter)
  5 giant orange brains
  11 naga ritualists
  2 starcursed masses (Abyss:2)
  2 spectral hydras (Depths:2)
  7 lindwurms (Depths:5)
  6 necromancers
  An obsidian statue (Depths:1)
  18 ironbrand convokers
  17 deep elf summoners
  2 ice devils
  Pikel (D:7)
  35 harpies
  4 hornets
  11 hill giants
  7 mana vipers
  30 deep elf conjurers
  2 mana vipers (shapeshifter)
  A wolf spider (Vaults:1)
  The ghost of faibistes the Thaumaturge, an experienced DEWz of Sif Muna (Bailey)
  A wolf spider zombie (D:14)
  A moth of wrath (shapeshifter) (Depths:3)
  8 wizards
  18 griffons
  10 fauns
  4 orc sorcerers
  A cyclops (shapeshifter) (Vaults:5)
  16 manticores
  2 hornets (shapeshifter)
  A stone giant zombie (Vaults:4)
  5 water nymphs
  88 ugly things
  A rust devil (Depths:3)
  An octopode (shapeshifter) (Depths:4)
  11 cyclopes
  A worldbinder (Abyss:2)
  Joseph (D:7)
  16 salamanders
  11 elephants
  A phantasmal warrior (Vaults:4)
  2 gargoyles
  2 guardian serpents
  22 naga magi
  14 sirens
  14 vault sentinels
  3 orange demons
  2 orange crystal statues (Depths:2)
  A spiny frog (shapeshifter) (D:15)
  9 spiny frogs
  4 torpor snails
  A yaktaur zombie (Vaults:4)
  A kobold demonologist (D:14)
  29 black mambas
  64 yaktaurs
  An anaconda simulacrum (Depths:2)
  3 fire drakes
  5 spectral swamp worms (Depths:4)
  2 blue devils
  11 komodo dragons
  5 freezing wraiths
  4 tengu conjurers
  A golden dragon simulacrum (Depths:3)
  7 trolls
  3 spectral merfolk (Depths:2)
  4 red devils (Depths:1)
  13 human skeletons (Vaults:2)
  16 deep elf priests
  2 jumping spiders (shapeshifter)
  47 merfolk
  A queen bee (shapeshifter) (Vaults:1)
  A wind drake (shapeshifter) (Elf:1)
  5 wind drakes
  An ancient zyme (Abyss:2)
  A harpy skeleton (D:15)
  A polar bear (shapeshifter) (Vaults:2)
  31 two-headed ogres
  3 large abominations (Abyss:2)
  A two-headed ogre (shapeshifter) (Depths:5)
  Prince Ribbit (D:7)
  An iron dragon simulacrum (Depths:3)
  A raiju (shapeshifter) (Depths:2)
  7 blink frogs
  A baby alligator (shapeshifter) (Depths:4)
  12 ravens
  4 raiju
  A spectral hornet (D:15)
  11 boulder beetles
  2 human simulacra (Vaults:2)
  21 slime creatures
  5 wyverns
  8 shadows
  A stone giant simulacrum (Vaults:1)
  A ynoxinul (Abyss:2)
  A snapping turtle (shapeshifter) (Vaults:5)
  6 air elementals
  5 redbacks
  4 basilisks
  13 snapping turtles
  A tarantella (shapeshifter) (D:15)
  A chaos spawn (Abyss:2)
  28 water elementals
  17 wraiths
  2 fire bats (Abyss:2)
  20 humans
  A tarantella (Elf:1)
  3 frost giant simulacra
  39 yaks
  A golden eye (shapeshifter) (Depths:4)
  A human (shapeshifter) (Vaults:3)
  4 vampires
  Grum (D:13)
  A steam dragon (Lair:5)
  4 hungry ghosts
  32 deep elf fighters
  27 deep elf magi
  2 yaks (shapeshifter)
  A neqoxec (Abyss:2)
  A hog (shapeshifter) (Vaults:2)
  A mottled dragon (shapeshifter) (Depths:2)
  11 wolves
  31 vampire mosquitoes
  11 wargs
  11 hippogriffs
  A naga (shapeshifter) (D:15)
  62 nagas
  A human zombie (Depths:2)
  4 mottled dragons
  2 soldier ants (D:14)
  2 swamp drakes (Depths:5)
  22 water moccasins
  13 porcupines
  39 orc warriors
  A spectral spriggan (Depths:2)
  6 sky beasts
  5 ice beasts
  8 hell hounds
  A wasp (shapeshifter) (Vaults:3)
  4 necrophages
  An eye of draining (D:15)
  14 boggarts
  A centaur (shapeshifter) (D:15)
  2 black bears (D:9)
  7 wasps
  A slave (D:7)
  60 ogres
  18 crocodiles
  28 centaurs
  An ettin simulacrum (Vaults:3)
  A phantom (D:14)
  3 boring beetles
  Sigmund (D:7)
  2 brain worms
  2 big kobolds
  2 lost souls (Elf:3)
  14 giant frogs
  A wyvern zombie (D:15)
  A giant frog (shapeshifter) (Depths:4)
  A water moccasin skeleton (D:8)
  2 scorpions
  A spectral naga (Depths:2)
  17 killer bees
  6 jellies
  2 elf simulacra
  3 spectral ogres (Depths:2)
  13 wights
  20 crimson imps
  6 giant frog zombies
  The ghost of faibistes the Magician, a weakling DEWz (D:3)
  4 spectral centaurs (Depths:2)
  4 goliath beetles
  6 centaur zombies
  2 giant frog skeletons
  10 iguanas
  4 iron imps (Depths:1)
  25 orc priests
  3 centaur skeletons
  10 hounds
  28 orc wizards
  14 worker ants
  6 hell rats
  30 sheep
  A killer bee zombie (D:7)
  4 big kobold zombies (Ossuary)
  A centaur simulacrum (Depths:2)
  6 mummies
  59 river rats
  27 adders
  A naga simulacrum (Depths:2)
  An orc zombie (Vaults:4)
  14 white imps
  4 shadow imps
  A giant eyeball (Depths:2)
  An adder zombie (D:5)
  2 adder skeletons
  166 orcs
  A bat skeleton (D:4)
  19 hobgoblins
  10 jackals
  16 quokkas
  2 ball pythons
  17 bats
  4 giant cockroaches
  3 giant geckos
  3 giant newts
  A giant spore (D:14)
  16 goblins
  3 hobgoblin zombies (Ossuary)
  40 kobolds
  4 quokka zombies
  21 rats
  A ballistomycete (D:9)
  2 bushes (Lair:8)
  4 fungi
  21 plants
  A starspawn tentacle (Abyss:2)
2827 creatures vanquished.

Vanquished Creatures (collateral kills)
  2 death yaks (Lair:8)
  An orc knight (Bailey)
  A queen bee (Lair:7)
  A blink frog (Lair:7)
  2 hippogriffs
  7 orc warriors
  3 ogres
  A giant frog (Lair:2)
  20 killer bees
  2 orc priests (Orc:4)
  3 orc wizards
  2 mummies (Ossuary)
  34 river rats
  2 adders
  55 orcs
  3 goblins
  2 hobgoblins (Orc:1)
  A rat (Lair:4)
  9 fungi
  5 plants
156 creatures vanquished.

Vanquished Creatures (others)
  A deep troll shaman (Depths:3)
  2 tengu warriors (Depths:3)
  A wizard (D:7)
  A vault sentinel (Vaults:4)
  A dryad (Orc:4)
  A raven (Depths:3)
  A slave (D:7)
  An ogre (D:7)
  2 lost souls (Elf:3)
  A giant frog (D:7)
  A killer bee (D:7)
  2 crimson imps
  A centaur zombie (D:7)
  A worker ant (D:14)
  A hound skeleton (D:7)
  2 shadow imps (Ossuary)
  A bat (D:7)
  2 giant spores
  A rat (D:7)
  5 ballistomycetes
  A bush (Depths:5)
  42 fungi
  32 plants
  A snaplasher vine (Lair:7)
  1268 snaplasher vine segments
  A starspawn tentacle (Abyss:2)
  3 starspawn tentacle segments (Abyss:2)
1377 creatures vanquished.

Grand Total: 4360 creatures vanquished

Notes
Turn   | Place    | Note
--------------------------------------------------------------
     0 | D:1      | faibistes, the Deep Elf Wizard, began the quest for the Orb.
     0 | D:1      | Reached XP level 1. HP: 10/10 MP: 6/6
   471 | D:1      | Reached XP level 2. HP: 15/15 MP: 5/10
   562 | D:1      | Learned a level 2 spell: Blink
   565 | D:1      | Learned a level 2 spell: Call Imp
   638 | D:1      | Reached skill level 5 in Spellcasting
   869 | D:1      | Reached XP level 3. HP: 19/19 MP: 12/14
   874 | D:1      | Learned a level 3 spell: Conjure Flame
   878 | D:1      | Learned a level 3 spell: Mephitic Cloud
  1688 | D:2      | Found a blossoming altar of Fedhas.
  1962 | D:2      | Reached XP level 4. HP: 24/24 MP: 13/17
  2108 | D:2      | Learned a level 2 spell: Repel Missiles
  2602 | D:3      | Reached skill level 6 in Spellcasting
  2602 | D:3      | Reached XP level 5. HP: 28/28 MP: 6/20
  2722 | D:3      | Noticed faibistes' ghost (weakling DEWz)
  2736 | D:3      | Killed faibistes' ghost
  2991 | D:4      | Found a sand-covered staircase.
  2997 | Ossuary  | Entered an ossuary
  3157 | Ossuary  | Reached XP level 6. HP: 30/32 MP: 18/22
  3216 | Ossuary  | Reached skill level 7 in Spellcasting
  3502 | D:5      | Entered Level 5 of the Dungeon
  3542 | D:5      | Reached skill level 1 in Fighting
  3542 | D:5      | Reached skill level 1 in Evocations
  3782 | D:3      | Reached XP level 7. HP: 38/38 MP: 22/25
  4580 | D:4      | Found a staircase to the Ecumenical Temple.
  4593 | Temple   | Entered the Ecumenical Temple
  4611 | Temple   | Became a worshipper of Sif Muna the Loreminder
  4795 | D:5      | Reached skill level 1 in Fire Magic
  4926 | D:4      | Noticed an ogre
  4946 | D:4      | Killed an ogre
  5130 | D:4      | Noticed an ogre
  5139 | D:4      | Killed an ogre
  5139 | D:4      | Reached skill level 8 in Spellcasting
  5139 | D:4      | Reached skill level 1 in Air Magic
  5139 | D:4      | Reached skill level 1 in Poison Magic
  5470 | D:4      | Acquired Sif Muna's first power
  5602 | D:4      | Found a shimmering altar of Xom.
  5643 | D:4      | Reached XP level 8. HP: 43/43 MP: 18/27
  6030 | D:5      | Found a glowing golden altar of the Shining One.
  6033 | D:5      | Found an ancient bone altar of Kikubaaqudgha.
  6036 | D:5      | Found a blossoming altar of Fedhas.
  7159 | D:6      | Reached skill level 5 in Dodging
  7159 | D:6      | Reached skill level 5 in Conjurations
  7276 | D:6      | Found Maoqar's Distillery.
  7285 | D:6      | Bought a potion of magic for 88 gold pieces
  7285 | D:6      | Bought 2 potions of heal wounds for 110 gold pieces
  7401 | D:6      | Found Brail's General Store.
  7441 | D:6      | Found Bauq's Antique Armour Shop.
  7447 | D:6      | Found Fyutryor's Weapon Boutique.
  7448 | D:6      | Bought a pair of glowing boots for 144 gold pieces
  7779 | D:6      | Acquired Sif Muna's second power
  8699 | D:7      | Noticed Prince Ribbit
  8704 | D:7      | Killed Prince Ribbit
  8704 | D:7      | Reached skill level 9 in Spellcasting
  8704 | D:7      | Reached XP level 9. HP: 41/47 MP: 23/29
  8881 | D:7      | Noticed Sigmund
  8890 | D:7      | Killed Sigmund
  9497 | D:7      | Noticed Joseph
  9621 | D:7      | Noticed Pikel
  9637 | D:7      | Killed Pikel
  9637 | D:7      | Reached skill level 1 in Charms
  9637 | D:7      | Reached skill level 1 in Invocations
  9655 | D:7      | Killed Joseph
 10394 | D:7      | Found a bloodstained altar of Trog.
 10395 | D:7      | Noticed a wizard
 10401 | D:7      | Killed a wizard
 10734 | D:7      | Reached skill level 10 in Spellcasting
 10928 | D:7      | Reached XP level 10. HP: 45/53 MP: 22/31
 11187 | D:8      | Reached skill level 5 in Fire Magic
 11289 | D:9      | Learned a level 5 spell: Bolt of Magma
 11413 | D:8      | Acquired Sif Muna's third power
 11948 | D:8      | Reached skill level 1 in Earth Magic
 12065 | D:8      | Learned a level 4 spell: Force Lance
 12071 | D:8      | Learned a level 5 spell: Summon Forest
 13165 | D:9      | Found a staircase to the Orcish Mines.
 13177 | D:9      | Reached skill level 5 in Summonings
 13372 | D:10     | Entered Level 10 of the Dungeon
 13457 | D:10     | Found a flagged portal.
 13526 | Bailey   | Entered a bailey
 13527 | Bailey   | Noticed faibistes' ghost (experienced DEWz)
 13533 | Bailey   | Killed faibistes' ghost
 13932 | Bailey   | Noticed an orc knight
 13937 | Bailey   | Killed an orc knight
 14146 | Bailey   | Noticed an orc knight
 14162 | Bailey   | Killed an orc knight
 14162 | Bailey   | Reached skill level 11 in Spellcasting
 14162 | Bailey   | Reached XP level 11. HP: 54/60 MP: 10/33
 14501 | D:9      | Found a roughly hewn altar of Beogh.
 15308 | D:9      | Learned a level 5 spell: Fireball
 15948 | D:10     | Reached skill level 5 in Charms
 16866 | D:11     | Noticed Erolcha
 16873 | D:11     | Killed Erolcha
 17004 | D:11     | Reached skill level 5 in Invocations
 17133 | D:11     | Noticed Josephine
 17142 | D:11     | Killed Josephine
 18015 | D:12     | Received a gift from Sif Muna
 18016 | D:12     | Identified Sif Muna's Volume of Conjuration (Sif Muna gifted it to you on level 12 of the Dungeon)
 18140 | D:11     | Found a staircase to the Lair.
 18195 | D:11     | Noticed Erica
 18202 | D:11     | Killed Erica
 18202 | D:11     | Reached skill level 12 in Spellcasting
 18202 | D:11     | Reached skill level 5 in Earth Magic
 18746 | Lair:1   | Entered Level 1 of the Lair of Beasts
 18760 | Lair:1   | Reached skill level 5 in Translocations
 18760 | Lair:1   | Reached XP level 12. HP: 52/66 MP: 9/35
 19237 | Lair:1   | Noticed a six-headed hydra
 19243 | Lair:1   | Killed a six-headed hydra
 19830 | D:6      | Bought a runed cloak for 144 gold pieces
 20115 | Lair:2   | Reached skill level 5 in Evocations
 21200 | Lair:2   | Noticed a five-headed hydra
 21209 | Lair:2   | Killed a five-headed hydra
 21498 | Lair:3   | Noticed an eight-headed hydra
 21507 | Lair:3   | Killed an eight-headed hydra
 22221 | Lair:4   | Found a staircase to the Snake Pit.
 23435 | Lair:3   | Noticed a seven-headed hydra
 23444 | Lair:3   | Killed a seven-headed hydra
 24055 | Lair:4   | Reached skill level 13 in Spellcasting
 24280 | Lair:4   | Noticed an eight-headed hydra
 24293 | Lair:4   | Killed an eight-headed hydra
 24951 | Lair:4   | Found a snail-covered altar of Cheibriados.
 24959 | Lair:4   | Received a gift from Sif Muna
 24960 | Lair:4   | Identified Sif Muna's Reference Book on Confrontation and Contamination (Sif Muna gifted it to you on level 4 of the Lair of Beasts)
 25099 | Lair:4   | Reached XP level 13. HP: 72/72 MP: 20/36
 25745 | D:6      | Bought the +1 quick blade of Cloil {flame, rElec rC+ Str+5} for 698 gold pieces
 26718 | Lair:7   | Reached XP level 14. HP: 76/76 MP: 29/37
 27056 | Lair:5   | Found a staircase to the Shoals.
 27868 | Lair:5   | Noticed a five-headed hydra
 27871 | Lair:5   | Killed a five-headed hydra
 28938 | Lair:6   | Reached skill level 14 in Spellcasting
 29595 | Lair:6   | Reached skill level 5 in Fighting
 30309 | Lair:8   | Entered Level 8 of the Lair of Beasts
 30309 | Lair:8   | Found a viscous altar of Jiyva.
 30309 | Lair:8   | Found a staircase to the Slime Pits.
 30472 | Lair:7   | Received a gift from Sif Muna
 30477 | Lair:7   | Identified Sif Muna's Compendium of Confrontation (Sif Muna gifted it to you on level 7 of the Lair of Beasts)
 32922 | Lair:8   | Noticed an acid blob
 32926 | Lair:8   | Killed an acid blob
 33167 | Lair:8   | Reached skill level 10 in Invocations
 33167 | Lair:8   | Reached XP level 15. HP: 82/82 MP: 23/39
 33518 | Lair:8   | Received a gift from Sif Muna
 33526 | Lair:8   | Learned a level 5 spell: Ignite Poison
 33997 | Lair:2   | Learned a level 6 spell: Deflect Missiles
 34011 | Lair:2   | Learned a level 4 spell: Airstrike
 34125 | Orc:1    | Entered Level 1 of the Orcish Mines
 34605 | Orc:3    | Found a staircase to the Elven Halls.
 34665 | Orc:4    | Entered Level 4 of the Orcish Mines
 35604 | Orc:1    | Reached skill level 1 in Transmutations
 36145 | Orc:3    | Found Uhay's Magic Scroll Shoppe.
 36152 | Orc:3    | Bought a scroll of acquirement for 728 gold pieces
 36152 | Orc:3    | Bought a scroll of teleportation for 42 gold pieces
 36153 | Orc:3    | Identified the Disquisition on Evil Magic (You acquired it on level 3 of the Orcish Mines)
 36936 | Orc:4    | Reached skill level 10 in Earth Magic
 37035 | Orc:4    | Reached skill level 15 in Spellcasting
 38390 | Orc:4    | Reached skill level 10 in Conjurations
 38609 | Orc:4    | Found Tatetu's Armour Shoppe.
 38610 | Orc:4    | Found Kiewkoz's Armour Boutique.
 38610 | Orc:4    | Found Pneraenoi's Jewellery Shop.
 38612 | Orc:4    | Found Vacur's Armour Shoppe.
 38679 | Orc:4    | Bought an uncursed ring of magical power for 280 gold pieces
 38682 | Orc:4    | Bought a +1 pair of boots of flying for 214 gold pieces
 38713 | Orc:4    | Bought an uncursed ring of wizardry for 420 gold pieces
 39072 | Lair:2   | Learned a level 6 spell: Iron Shot
 39325 | Elf:1    | Entered Level 1 of the Elven Halls
 39669 | Elf:1    | Reached skill level 10 in Fire Magic
 41107 | Elf:1    | Received a gift from Sif Muna
 41109 | Elf:1    | Identified Sif Muna's Grimoire of Attacks and the Volcanoes (Sif Muna gifted it to you on level 1 of the Elven Halls)
 41343 | Lair:2   | Learned a level 6 spell: Bolt of Fire
 42279 | Elf:2    | Found Braituis' Weapon Emporium.
 42408 | Elf:2    | Found Zaczaxiu's Antique Armour Emporium.
 42545 | Elf:2    | Found a runed door.
 42567 | Elf:2    | Found a runed door.
 42599 | Elf:2    | Reached skill level 10 in Dodging
 42835 | Elf:2    | Reached XP level 16. HP: 88/88 MP: 36/40
 42878 | Elf:2    | Found Zeinn's Distillery.
 43229 | Elf:2    | Found Otimac's Assorted Antiques.
 43234 | Elf:2    | Bought a square lapis lazuli amulet for 180 gold pieces
 43234 | Elf:2    | Bought a short silver wand for 144 gold pieces
 43461 | Elf:2    | Noticed a deep elf blademaster
 43985 | Elf:2    | Reached skill level 16 in Spellcasting
 44682 | Elf:2    | Received a gift from Sif Muna
 44684 | Elf:2    | Identified Sif Muna's Reference Book on Confrontation and Flames (Sif Muna gifted it to you on level 2 of the Elven Halls)
 44764 | Elf:2    | Killed a deep elf blademaster
 45511 | D:6      | Bought 3 scrolls of teleportation for 99 gold pieces
 45639 | Lair:2   | Learned a level 5 spell: Ignite Poison
 45703 | Snake:1  | Entered Level 1 of the Snake Pit
 46325 | Snake:3  | Found a frozen archway.
 47571 | Snake:2  | Noticed faibistes' ghost (mighty DEWz)
 47576 | Snake:2  | Killed faibistes' ghost
 48415 | Snake:3  | Identified a +3 rod of inaccuracy (10/10) (You found it on level 3 of the Snake Pit)
 48456 | Snake:3  | Received a gift from Sif Muna
 48719 | Snake:4  | Found a gateway to a bazaar.
 48740 | Bazaar   | Entered a bazaar
 48754 | Bazaar   | Found Loafeam's Food Emporium.
 48754 | Bazaar   | Found Asyzxeim's Weapon Shoppe.
 48775 | Bazaar   | Found Klonas' Distillery.
 48790 | Bazaar   | Found Apnoady's Assorted Antiques.
 48790 | Bazaar   | Found Gadewnonk's Antique Armour Shoppe.
 48811 | Bazaar   | Found Ghiyrphi's Food Shoppe.
 48881 | Bazaar   | Bought a potion of beneficial mutation for 455 gold pieces
 48881 | Bazaar   | Gained mutation: You are covered in fur (AC +1). [potion of beneficial mutation]
 50307 | Snake:4  | Reached XP level 17. HP: 95/95 MP: 16/41
 50489 | Snake:4  | Reached skill level 17 in Spellcasting
 51378 | Snake:5  | Entered Level 5 of the Snake Pit
 51490 | Snake:3  | Received a gift from Sif Muna
 51491 | Snake:3  | Identified Keloax's Grimoire of Boosting Attacks (Sif Muna gifted it to you on level 3 of the Snake Pit)
 51645 | Snake:3  | Noticed Snorg
 51649 | Snake:3  | Killed Snorg
 53817 | Snake:5  | Received a gift from Sif Muna
 53821 | Snake:5  | Identified Sif Muna's Almanac of Talismans (Sif Muna gifted it to you on level 5 of the Snake Pit)
 54013 | Snake:4  | Learned a level 6 spell: Haste
 55326 | Snake:5  | Noticed pedritolo's ghost (powerful SpEn)
 55329 | Snake:5  | Killed pedritolo's ghost
 55749 | Snake:5  | Found Daha's Antique Armour Emporium.
 56031 | Snake:5  | Found Isiac's Gadget Shop.
 56057 | Snake:5  | Found Peigeb's Assorted Antiques.
 56060 | Snake:5  | Reached XP level 18. HP: 101/101 MP: 38/42
 56204 | Snake:5  | Bought a scroll labeled INALLI GHOGU for 31 gold pieces
 56436 | Snake:5  | Found Kama's Gadget Shop.
 56501 | Snake:5  | Found Gauzaic's Assorted Antiques.
 56627 | Snake:5  | Found a white marble altar of Elyvilon.
 56857 | Snake:5  | Reached skill level 18 in Spellcasting
 56944 | Snake:5  | Got a serpentine rune of Zot
 57359 | Lair:2   | Learned a level 7 spell: Ring of Flames
 57466 | Shoals:1 | Entered Level 1 of the Shoals
 58518 | Shoals:1 | Received a gift from Sif Muna
 58519 | Shoals:1 | Identified Sif Muna's Compendium of Combat Magic and the Volcanoes (Sif Muna gifted it to you on level 1 of the Shoals)
 59896 | Shoals:2 | Found Foburon's Assorted Antiques.
 60364 | Shoals:3 | Reached skill level 10 in Charms
 60522 | Shoals:2 | Noticed Wiglaf
 60995 | Shoals:2 | Killed Wiglaf
 61000 | Shoals:2 | Got a brightly glowing war axe {vamp}
 61001 | Shoals:2 | Identified the +2 war axe of Sloth {vamp, Dex+4} (You took it off Wiglaf on level 2 of the Shoals)
 62138 | Shoals:5 | Entered Level 5 of the Shoals
 62729 | Shoals:3 | Found Pimat's Gadget Emporium.
 62795 | Shoals:3 | Received a gift from Sif Muna
 62798 | Shoals:3 | Identified Sif Muna's Disquisition on Conjuration (Sif Muna gifted it to you on level 3 of the Shoals)
 62813 | Shoals:3 | Noticed Polyphemus
 63450 | Shoals:3 | Bought a wand of teleportation (7) for 363 gold pieces
 63499 | Shoals:3 | Killed Polyphemus
 64699 | Shoals:4 | Reached XP level 19. HP: 108/108 MP: 34/43
 64871 | Shoals:4 | Gained mutation: Your flesh is heat resistant. [potion of beneficial mutation]
 65347 | D:12     | Found a white marble altar of Elyvilon.
 65396 | Lair:2   | Learned a level 5 spell: Iskenderun's Battlesphere
 65665 | D:12     | Noticed a hill giant
 65668 | D:12     | Killed a hill giant
 66233 | D:13     | Noticed a hill giant
 66235 | D:13     | Killed a hill giant
 66308 | D:13     | Noticed a wizard
 66308 | D:13     | Killed a wizard
 66311 | D:13     | Noticed a wizard
 66312 | D:13     | Killed a wizard
 66313 | D:13     | Noticed a vault guard
 66406 | D:13     | Noticed a hill giant
 66407 | D:13     | Killed a hill giant
 66462 | D:13     | Killed a vault guard
 66466 | D:13     | Noticed a wizard
 66466 | D:13     | Killed a wizard
 66633 | D:13     | Found a gate to the Vaults.
 66794 | D:13     | Reached skill level 19 in Spellcasting
 66865 | D:13     | Noticed Grum
 66866 | D:13     | Killed Grum
 67077 | D:15     | Entered Level 15 of the Dungeon
 68846 | D:14     | Received a gift from Sif Muna
 68847 | D:14     | Reached skill level 15 in Earth Magic
 68848 | D:14     | Identified Inuoxi's Handbook of Conjuration (Sif Muna gifted it to you on level 14 of the Dungeon)
 69284 | D:15     | Found a runed door.
 69308 | D:15     | Found Femium's Gadget Emporium.
 69317 | D:15     | Noticed Roxanne
 69331 | D:15     | Killed Roxanne
 69478 | D:15     | Identified Roxanne's Disquisition on the Mutagenic Rocks (You took it off Roxanne on level 15 of the Dungeon)
 69708 | D:15     | Found a shadowy altar of Dithmenos.
 69744 | D:15     | Got a shimmering war axe
 69745 | D:15     | Identified the +2 war axe "Ysiah" {holy, rPois rC+ Int+3} (You found it on level 15 of the Dungeon)
 69789 | D:15     | Found a gateway to a bazaar.
 69801 | Bazaar   | Entered a bazaar
 69801 | Bazaar   | Found Crawnef's Book Boutique.
 69804 | Bazaar   | Found Laucaj's Food Boutique.
 69818 | Bazaar   | Found Dite's Antique Weapon Shop.
 69824 | Bazaar   | Found Isku Mym's Magic Scroll Shoppe.
 69832 | Bazaar   | Bought a scroll of blinking for 97 gold pieces
 69832 | Bazaar   | Found Reum's Distillery.
 69840 | Bazaar   | Bought 2 potions of haste for 240 gold pieces
 69840 | Bazaar   | Bought a potion of restore abilities for 60 gold pieces
 70497 | D:13     | Noticed a vault guard
 70501 | D:13     | Killed a vault guard
 70593 | D:15     | Identified the Volume of Unholy Rites
 70841 | Shoals:1 | Reached skill level 15 in Conjurations
 71038 | Shoals:5 | Noticed pedritolo's ghost (powerful SpEn)
 71040 | Shoals:5 | Killed pedritolo's ghost
 71161 | Shoals:5 | Noticed Ilsuiw
 71166 | Shoals:5 | Killed Ilsuiw
 72086 | Shoals:5 | Received a gift from Sif Muna
 72103 | Shoals:5 | Reached skill level 15 in Fire Magic
 72163 | Shoals:5 | Identified Sif Muna's Reference Book on Shifting Enhancements (Sif Muna gifted it to you on level 5 of the Shoals)
 72402 | Shoals:5 | Got a barnacled rune of Zot
 73804 | Shoals:5 | Got an ancient hand axe
 73805 | Shoals:5 | Identified the +11 hand axe of Zonkov {venom, rElec Dex+4 SInv Stlth-} (You took it off a siren on level 5 of the Shoals)
 74139 | Shoals:5 | Got a shimmering quarterstaff
 74140 | Shoals:5 | Identified the +2 quarterstaff of the Imperium {flame, rN+ MR+ Str+4 Int+7 Dex-2} (You took it off a merfolk on level 5 of the Shoals)
 74142 | Shoals:5 | Got a sparkling zirconium amulet
 74143 | Shoals:5 | Identified the amulet "Eles" {rMut +Blink rF+ Dex+7} (You took it off a merfolk on level 5 of the Shoals)
 74498 | Lair:2   | Learned a level 8 spell: Lehudib's Crystal Spear
 74574 | Vaults:1 | Entered Level 1 of the Vaults
 74821 | Vaults:1 | Got a scintillating copper amulet
 74822 | Vaults:1 | Identified the amulet "Noikk" {Inacc -Cast rF+ MP+9 Str+3 Int+4} (You found it on level 1 of the Vaults)
 74857 | Vaults:1 | Reached XP level 20. HP: 114/114 MP: 44/44
 75015 | Vaults:1 | Received a gift from Sif Muna
 75164 | Vaults:1 | Identified Sif Muna's Incunabulum of Ashen Attacks (Sif Muna gifted it to you on level 1 of the Vaults)
 75633 | Vaults:1 | Reached skill level 20 in Spellcasting
 75809 | Vaults:1 | Found Peomafemonu's Jewellery Boutique.
 75861 | Vaults:1 | Found Sidwufu's Gadget Emporium.
 76278 | Vaults:1 | Got a warped robe
 76289 | Vaults:1 | Identified the +1 robe "Mysh" {rF+ Int+2} (You took it off a yaktaur captain on level 1 of the Vaults)
 76347 | Vaults:1 | Found Muogar's Book Emporium.
 77696 | Vaults:1 | Received a gift from Sif Muna
 79012 | Lair:2   | Learned a level 6 spell: Poisonous Cloud
 80023 | Vaults:2 | Reached skill level 10 in Translocations
 80307 | Vaults:2 | Received a gift from Sif Muna
 80311 | Vaults:2 | Identified Sif Muna's Collected Works on Conjuration (Sif Muna gifted it to you on level 2 of the Vaults)
 81499 | Vaults:2 | Reached XP level 21. HP: 120/120 MP: 45/45
 82711 | Vaults:3 | Found Untir's Armour Emporium.
 83649 | Vaults:3 | Received a gift from Sif Muna
 83650 | Vaults:3 | Identified Sif Muna's Incunabulum of Displacement (Sif Muna gifted it to you on level 3 of the Vaults)
 83859 | Vaults:3 | Reached skill level 21 in Spellcasting
 84439 | Vaults:3 | Found a staircase to the Crypt.
 85830 | Vaults:4 | Received a gift from Sif Muna
 85833 | Vaults:4 | Identified Sif Muna's Papyrus of Dislocation (Sif Muna gifted it to you on level 4 of the Vaults)
 87043 | Vaults:4 | Reached skill level 10 in Fighting
 88185 | Vaults:4 | Reached XP level 22. HP: 127/127 MP: 46/46
 88534 | Vaults:4 | Received a gift from Sif Muna
 88535 | Vaults:4 | Identified Sif Muna's Grimoire of Blows and Bruises (Sif Muna gifted it to you on level 4 of the Vaults)
 89824 | Lair:2   | Learned a level 7 spell: Controlled Blink
 90200 | D:15     | Found a staircase to the Depths.
 90369 | Depths:1 | Entered Level 1 of the Depths
 91006 | Depths:1 | Reached skill level 22 in Spellcasting
 91636 | Depths:1 | Received a gift from Sif Muna
 91638 | Depths:1 | Identified Sif Muna's Collected Works on Combat Magic (Sif Muna gifted it to you on level 1 of the Depths)
 91936 | Depths:1 | Found a portal to a secret trove of treasure.
 93859 | Depths:1 | Found a gateway to Hell.
 93919 | Depths:1 | Got a distressingly furry cloak
 94001 | Depths:1 | Identified the +4 cloak of the Monkey's Uncle {Dex+5} (You found it on level 1 of the Depths)
 94363 | Depths:1 | Found a one-way gate leading to the halls of Pandemonium.
 95145 | Depths:2 | Received a gift from Sif Muna
 95146 | Depths:2 | Identified Sif Muna's Catalogue of Twisted Creation (Sif Muna gifted it to you on level 2 of the Depths)
 96743 | Depths:2 | Reached XP level 23. HP: 133/133 MP: 27/47
 96777 | Depths:2 | Noticed an ancient lich
 97024 | Depths:2 | Killed an ancient lich
 97356 | Depths:2 | Noticed Maud
 97426 | Depths:2 | Killed Maud
 97443 | Depths:2 | Got a fine golden ring
 97770 | Depths:2 | Received a gift from Sif Muna
 97792 | Depths:2 | Identified the ring "Sube" {MR+ Str+2} (You took it off Maud on level 2 of the Depths)
 98449 | Depths:2 | Reached skill level 23 in Spellcasting
 98968 | Depths:2 | Paralysed by a giant eyeball for 4 turns
101038 | Depths:5 | Entered Level 5 of the Depths
101263 | Depths:3 | Received a gift from Sif Muna
101991 | Depths:3 | Found a glowing golden altar of the Shining One.
102523 | Depths:3 | Found a corrupted altar of Lugonu.
102607 | Depths:3 | Found a one-way gate to the infinite horrors of the Abyss.
105059 | Depths:4 | Received a gift from Sif Muna
105061 | Depths:4 | Identified Sif Muna's Papyrus of Companions and Bewitchment (Sif Muna gifted it to you on level 4 of the Depths)
105506 | Depths:4 | Identified the Volume of the Boosting Birds
105630 | Depths:5 | Reached XP level 24. HP: 140/140 MP: 48/48
106045 | Lair:2   | Learned a level 9 spell: Shatter
107186 | Depths:5 | Reached skill level 24 in Spellcasting
107269 | Depths:5 | Found a gateway to a ziggurat.
107587 | Depths:5 | Received a gift from Sif Muna
107588 | Depths:5 | Identified Sif Muna's Grimoire of Evil (Sif Muna gifted it to you on level 5 of the Depths)
109665 | Depths:5 | Received a gift from Sif Muna
109675 | Depths:5 | Identified Sif Muna's Compendium of Companions (Sif Muna gifted it to you on level 5 of the Depths)
110020 | Depths:4 | Noticed Saint Roka
110023 | Depths:4 | Killed Saint Roka
111441 | Depths:5 | Reached XP level 25. HP: 147/147 MP: 49/49
112066 | Depths:5 | Found a gate to the Realm of Zot.
112393 | Lair:2   | Learned a level 1 spell: Animate Skeleton
112396 | Lair:2   | Learned a level 2 spell: Throw Frost
112523 | Elf:3    | Entered Level 3 of the Elven Halls
112781 | Elf:3    | Received a gift from Sif Muna
112956 | Elf:3    | Reached skill level 1 in Necromancy
112956 | Elf:3    | Reached skill level 1 in Ice Magic
113590 | Elf:3    | Got a shimmering pewter ring
113591 | Elf:3    | Identified the ring of the Meadowlark {rPois rF+} (You took it off a deep elf demonologist on level 3 of the Elven Halls)
113630 | Elf:3    | Cast into the Abyss (a deep elf sorcerer)
113803 | Abyss:2  | Gained mutation: You are frail (-10% HP). [a neqoxec]
113842 | Abyss:2  | Reached skill level 25 in Spellcasting
113949 | Elf:3    | Escaped the Abyss
114575 | Elf:3    | Got an ivory war axe
114576 | Elf:3    | Identified the +10 war axe "Curreit" {flame, +Fly rPois Int+3 Dex+2 SInv} (You took it off a deep elf demonologist on level 3 of the Elven Halls)
114622 | Elf:3    | Got an iridescent quarterstaff
114623 | Elf:3    | Identified the +12 quarterstaff of Guwk {pain, Contam +Rage rElec rF- MR-} (You took it off a deep elf demonologist on level 3 of the Elven Halls)
114824 | Elf:3    | Identified a +2 rod of shadows (11/11) (You took it off a deep elf conjurer on level 3 of the Elven Halls)
114847 | Elf:3    | Identified the Handbook of Lethal Execration
114851 | Elf:3    | Got a pair of slimy boots
114863 | Elf:3    | Identified the +2 pair of boots of Usisis {Contam rPois MP+9} (You found it on level 3 of the Elven Halls)
114866 | Elf:3    | Got a jewelled cloak
114867 | Elf:3    | Identified the +1 cloak of Ceotat {rN+ Dex+4 Slay-2} (You found it on level 3 of the Elven Halls)
114903 | Elf:3    | Got a shimmering dagger
114904 | Elf:3    | Identified the +8 dagger "Starlight" {drain, -Cast rElec rPois Dex-4 SInv} (You found it on level 3 of the Elven Halls)
116612 | D:13     | Noticed an unseen horror
116613 | D:13     | Killed an unseen horror
116714 | D:13     | Noticed a skeletal warrior
116714 | D:13     | Noticed a skeletal warrior
116714 | D:13     | Noticed a skeletal warrior
116715 | D:13     | Killed a skeletal warrior
116716 | D:13     | Killed a skeletal warrior
116716 | D:13     | Received a gift from Sif Muna
116717 | D:13     | Killed a skeletal warrior
116718 | D:13     | Identified Khufu's Papyrus of Sinister Rituals (Sif Muna gifted it to you on level 13 of the Dungeon)
117160 | Vaults:5 | Entered Level 5 of the Vaults
117866 | Vaults:4 | Received a gift from Sif Muna
118139 | Vaults:5 | Reached skill level 5 in Necromancy
118143 | Vaults:5 | Reached XP level 26. HP: 73/138 MP: 21/50
118583 | Vaults:5 | Killed from afar by a shadow dragon

Action                   |  1- 3 |  4- 6 |  7- 9 | 10-12 | 13-15 | 16-18 | 19-21 | 22-24 | 25-27 || total
-------------------------+-------+-------+-------+-------+-------+-------+-------+-------+-------++-------
Melee: Dagger            |    12 |    22 |    44 |   183 |       |       |       |       |       ||   261
       Quick blade       |       |       |       |       |    12 |       |       |       |       ||    12
       Staff             |       |       |       |       |    24 |     1 |     3 |     2 |     5 ||    35
 Cast: Magic Dart        |    99 |    83 |   363 |   207 |       |       |    24 |       |       ||   776
       Mephitic Cloud    |     3 |     3 |    24 |    24 |       |     4 |       |       |       ||    58
       Conjure Flame     |       |    13 |    53 |    94 |     5 |       |       |       |       ||   165
       Repel Missiles    |       |     1 |     1 |     1 |       |       |       |       |       ||     3
       Call Imp          |       |     5 |     3 |       |       |       |       |       |       ||     8
       Blink             |       |     1 |     6 |    16 |     6 |     4 |     1 |     2 |       ||    36
       Bolt of Magma     |       |       |       |    57 |    67 |       |       |       |       ||   124
       Force Lance       |       |       |       |    49 |    35 |    57 |    40 |    13 |     4 ||   198
       Summon Forest     |       |       |       |    11 |    15 |       |       |       |       ||    26
       Fireball          |       |       |       |   184 |   360 |   136 |   222 |   132 |    21 ||  1055
       Airstrike         |       |       |       |       |    31 |    44 |    43 |    76 |     4 ||   198
       Bolt of Fire      |       |       |       |       |    18 |   330 |   465 |   520 |   122 ||  1455
       Deflect Missiles  |       |       |       |       |     2 |     8 |     8 |     8 |     2 ||    28
       Ignite Poison     |       |       |       |       |       |   100 |       |       |       ||   100
       Iron Shot         |       |       |       |       |       |    55 |     4 |       |       ||    59
       Ring of Flames    |       |       |       |       |       |    12 |    42 |    23 |     5 ||    82
       Haste             |       |       |       |       |       |     5 |     9 |    16 |     5 ||    35
       Iskenderun's Batt |       |       |       |       |       |       |    26 |     9 |     2 ||    37
       Lehudib's Crystal |       |       |       |       |       |       |    39 |   135 |    28 ||   202
       Poisonous Cloud   |       |       |       |       |       |       |    26 |    20 |       ||    46
       Controlled Blink  |       |       |       |       |       |       |       |    10 |     1 ||    11
       Shatter           |       |       |       |       |       |       |       |    14 |    33 ||    47
Invok: Channel Energy    |       |       |     7 |    59 |    86 |   131 |   202 |   245 |   127 ||   857
       Forget Spell      |       |       |       |       |     4 |     1 |     3 |       |       ||     8
 Abil: Stop Flying       |       |       |       |       |     1 |       |       |     2 |       ||     3
       Evoke Flight      |       |       |       |       |     1 |       |       |     2 |       ||     3
Evoke: Wand              |       |       |       |     1 |     2 |     3 |       |     3 |       ||     9
  Use: Scroll            |       |     3 |    13 |    17 |    10 |    16 |     8 |     8 |     7 ||    82
       Potion            |       |       |     1 |     2 |     1 |     9 |     3 |    10 |     2 ||    28
 Stab: Distracted        |       |     1 |       |       |       |       |       |       |       ||     1
       Confused          |       |       |     7 |     4 |       |       |       |       |       ||    11
       Sleeping          |       |       |       |     1 |       |       |       |       |       ||     1
  Eat: Chunk             |     3 |     6 |    19 |    56 |    51 |    76 |   103 |   100 |    24 ||   438
       Fruit             |       |       |     4 |     1 |    13 |     3 |       |     5 |       ||    26
       Beef jerky        |       |       |       |     5 |     3 |    11 |     3 |       |       ||    22
       Royal jelly       |       |       |       |     2 |       |     2 |       |       |       ||     4
       Pizza             |       |       |       |       |     1 |       |     1 |       |     1 ||     3
       Bread ration      |       |       |       |       |       |     2 |     1 |     3 |       ||     6
       Meat ration       |       |       |       |       |       |       |       |       |     2 ||     2
